 Dungeon Crawl Stone Soup version 0.26.0-10-g1f06aea511 (webtiles) character file.

Game seed: 17925568353832130264

4613 vatarom the Fighter (level 10, -6/85 HPs)
             Began as a Formicid Hunter on Jan 20, 2021.
             Was a Believer of Okawaru.
             Mangled by a warg (13 damage)
             ... on level 8 of the Dungeon.
             The game lasted 00:21:04 (11863 turns).

vatarom the Fighter (Formicid Hunter)              Turns: 11863, Time: 00:21:04

Health: -6/85      AC:  6    Str: 25    XL:     10   Next: 69%
Magic:  4/4        EV: 12    Int: 11    God:    Okawaru [**....]
Gold:   517        SH:  5    Dex: 12    Spells: 9/9 levels left

rFire    . . .     SeeInvis +   n - +8 Wrath of Trog {antimagic, *Rage}
rCold    . . .     Faith    .   (no shield)
rNeg     . . .     Spirit   .   c - +1 leather armour
rPois    .         Reflect  +   (helmet unavailable)
rElec    .         Harm     .   (no cloak)
rCorr    .         Rampage  .   (no gloves)
Will     ++...                  m - +0 pair of boots
Stlth    ++........             v - amulet of reflection
HPRegen  0.24/turn              u - +6 ring of strength
MPRegen  0.09/turn              i - ring of willpower

@: no status effects
A: permanent stasis, dig shafts and tunnels, four strong arms, antennae 3, beak,
claws 1, rugged brown scales 1, wild magic 1, evolution 1, MP-powered wands
a: Dig, Shaft Self, Renounce Religion, Heroism


You were on level 8 of the Dungeon.
You worshipped Okawaru.
Okawaru was pleased with you.
You visited 2 branches of the dungeon, and saw 10 of its levels.

You collected 517 gold pieces.

Inventory:

Hand Weapons
 a - a +1 hand crossbow
 l - a +2 flail of holy wrath
 n - the +8 Wrath of Trog (weapon) {antimagic, *Rage}
   (You found it on level 6 of the Dungeon)

   It reduces the magical energy of the wielder, and disrupts the spells and
   magical abilities of those hit.
   Natural abilities and divine invocations are not affected.
   It may make you go berserk in combat.
Missiles
 b - a throwing net (quivered) {!f}
 d - 5 javelins
 j - 34 poisoned darts
 t - 24 bolts
Armour
 c - a +1 leather armour (worn)
 m - a +0 pair of boots (worn)
Jewellery
 f - an uncursed ring of fire
 i - a ring of willpower (right claw)
 u - a +6 ring of strength (left claw)
 v - an amulet of reflection (around neck)
Wands
 r - a wand of iceblast (19) {@v4}
 x - a wand of paralysis (5)
Scrolls
 g - 3 scrolls of fog
 h - a scroll of blinking {@r4}
 o - a scroll of random uselessness
 y - a scroll of magic mapping
 z - a scroll of remove curse {@r2}
Potions
 e - 2 potions of flight
 k - a potion of cancellation
 p - a potion of magic {unknown}
 q - a potion of haste {@q3}
 s - a potion of degeneration {unknown}
 A - a potion of brilliance {unknown}


   Skills:
 + Level 9.3 Fighting
 * Level 6.7(7.6) Axes
 - Level 5.4(7.0) Maces & Flails
 - Level 7.0 Crossbows
 - Level 3.9 Throwing
 - Level 2.7 Dodging
 - Level 3.1 Stealth
 + Level 4.5 Invocations


You had 9 spell levels left.
You didn't know any spells.
Your spell library was empty.

Dungeon Overview and Level Annotations

Branches:
Dungeon (9/15)             Temple (1/1) D:7            Lair (0/6) D:9
    Orc: D:9-12

Altars:
Ashenzari
Cheibriados
Dithmenos
Elyvilon
Fedhas
Gozag
Hepliaklqana
Kikubaaqudgha
Makhleb
Nemelex Xobeh
Okawaru
Qazlal
Ru
Sif Muna
Trog
Uskayaw
Vehumet
Wu Jian
Xom
Yredelemnul
Zin
The Shining One


Innate Abilities, Weirdness & Mutations

You cannot be hasted, slowed, berserked, paralysed or teleported.
You can dig through walls and to a lower floor.
Your four strong arms can wield two-handed weapons with a shield.
You have a pair of large antennae on your head. (SInv)
You have a beak for a mouth.
You have sharp fingernails.
You are partially covered in rugged brown scales. (AC +1, +3% HP)
Your spells are a little harder to cast, but a little more powerful.
You evolve.
You expend magic power (3 MP) to strengthen your wands.


Message History

You block the warg's attack. The warg bites you but does no damage.
You completely miss the warg. You peck the warg, but do no damage.
The warg is severely wounded.
You closely miss the warg. The warg bites you.
* * * LOW HITPOINT WARNING * * *
The warg stops to sniff the ground.
The warg closely misses you. The warg bites you.
* * * LOW HITPOINT WARNING * * *
Okay, then.
You barely miss the warg.
The warg is severely wounded.
You slash the warg!
You kill the warg!
Okawaru accepts your kill. The warg bites you.
* * * LOW HITPOINT WARNING * * *
You closely miss the warg.
The warg is severely wounded.
The warg bites you!
You die...

([......#.....≈.....#.....#.###.#
#.......#.....≈.....#...........#
........#....≈...#.##...........#
.##...###........#.#######......#
.##.#.# #....................##.#
......###.......................#
####...########..............####
.................#.####......####
................@h.# #<#.........
................#†.###.#.........
.......##########.)..............
.........# #.>[.....?.......
....##...# #.#...#..........
....##...# #.#...#..........
..≈.###### #.#...#..........
..≈.# #.#...#.......... ....#
#.#...#..........


You could see a warg.

Vanquished Creatures
  A two-headed ogre (D:8)
  Joseph (D:8)
  A wraith (D:8)
  A warg (D:8)
  An orc warrior (D:8)
  3 sky beasts
  A black bear (D:6)
  A necrophage (D:5)
  3 ice beasts
  A phantom (D:6)
  5 ogres
  A big kobold (D:8)
  Blork the orc (D:5)
  4 bullfrogs
  A water moccasin zombie (D:7)
  5 scorpions
  A quasit (D:7)
  2 bullfrog zombies (D:7)
  4 hounds
  2 jellies
  6 orc priests
  Jessica (D:2)
  3 iguanas
  12 orc wizards
  5 worker ants
  A hound zombie (D:7)
  A hound skeleton (D:8)
  A howler monkey zombie (D:5)
  11 gnolls
  5 adders
  A shadow imp (D:8)
  3 white imps
  4 ufetubi
  An ooze (D:4)
  2 adder skeletons
  A dart slug (D:1)
  2 worms (D:3)
  6 leopard geckos
  30 orcs
  2 ball pythons (D:2)
  3 giant cockroaches
  12 goblins
  5 hobgoblins
  6 jackals
  6 quokkas
  A ball python skeleton (D:4)
  A bat (D:3)
  6 frilled lizards
  14 kobolds
  A leopard gecko skeleton (D:5)
  9 rats
202 creatures vanquished.

Vanquished Creatures (others)
  2 withered plants (D:4)
2 creatures vanquished.

Grand Total: 204 creatures vanquished

Notes
Turn   | Place    | Note
-------+----------+-------------------------------------------
     0 | D:1      | vatarom the Formicid Hunter began the quest for the Orb.
     0 | D:1      | Reached XP level 1. HP: 16/16 MP: 1/1
   360 | D:1      | Reached XP level 2. HP: 23/23 MP: 2/2
   796 | D:2      | Noticed Jessica
   800 | D:2      | Killed Jessica
   801 | D:2      | Reached XP level 3. HP: 28/28 MP: 3/3
   838 | D:2      | Found an opulent altar of Gozag.
   857 | D:2      | Reached XP level 4. HP: 34/34 MP: 4/4
  1054 | D:2      | Reached skill level 3 in Fighting
  1236 | D:2      | Reached XP level 5. HP: 41/41 MP: 5/5
  1913 | D:3      | Reached skill level 5 in Crossbows
  1923 | D:3      | Reached XP level 6. HP: 13/48 MP: 6/6
  2177 | D:3      | Reached skill level 4 in Fighting
  2364 | D:3      | Gained mutation: You evolve. [potion of mutation]
  2364 | D:3      | Gained mutation: You are partially covered in rugged brown
                  | scales. (AC +1, +3% HP) [potion of mutation]
  2874 | D:4      | Found a basalt altar of Yredelemnul.
  2905 | D:4      | Noticed an ogre
  3435 | D:5      | Entered Level 5 of the Dungeon
  3488 | D:5      | Noticed a sky beast
  3614 | D:5      | Noticed a necrophage
  3661 | D:4      | Reached skill level 1 in Maces & Flails
  3751 | D:4      | Gained mutation: You expend magic power (3 MP) to
                  | strengthen your wands. [evolution]
  3980 | D:4      | Reached XP level 7. HP: 41/56 MP: 7/7
  4256 | D:4      | Reached skill level 5 in Fighting
  4618 | D:4      | Found a white marble altar of Elyvilon.
  5302 | D:5      | Reached XP level 8. HP: 57/65 MP: 8/8
  5820 | D:5      | Reached skill level 6 in Fighting
  6041 | D:5      | Noticed Blork the orc
  6056 | D:5      | Killed Blork the orc
  6723 | D:5      | Gained mutation: Your spells are a little harder to cast,
                  | but a little more powerful. [evolution]
  6900 | D:6      | Reached skill level 1 in Throwing
  7031 | D:6      | HP: 4/99 [ufetubus (2)]
  7032 | D:6      | Reached skill level 7 in Fighting
  7032 | D:6      | Reached XP level 9. HP: 4/74 MP: 9/9
  7037 | D:6      | HP: 4/111 [poisoned by an adder]
  7370 | D:6      | Found the +8 Wrath of Trog {antimagic, *Rage}
  7388 | D:6      | Reached skill level 5 in Maces & Flails
  7842 | D:6      | Reached skill level 1 in Axes
  8181 | D:6      | Gained mutation: You have a beak for a mouth. [evolution]
  8687 | D:7      | Reached skill level 8 in Fighting
  9363 | D:7      | Found a staircase to the Ecumenical Temple.
  9380 | Temple   | Entered the Ecumenical Temple
  9424 | Temple   | Gained mutation: You have sharp fingernails. [evolution]
  9636 | Temple   | Became a worshipper of Warmaster Okawaru
  9927 | D:8      | Reached skill level 1 in Invocations
 10011 | D:8      | Reached XP level 10. HP: 83/83 MP: 3/10
 10577 | D:8      | Noticed a two-headed ogre
 10756 | D:8      | Noticed Joseph
 10765 | D:8      | Reached skill level 5 in Axes
 11074 | D:8      | Killed Joseph
 11411 | D:8      | Reached * piety under Okawaru
 11484 | D:8      | Killed a two-headed ogre
 11485 | D:8      | Reached skill level 9 in Fighting
 11560 | D:8      | Reached ** piety under Okawaru
 11840 | D:9      | Found a staircase to the Lair.
 11863 | D:8      | Mangled by a warg

Illustrated notes

Levels and vault maps discovered:
D:1:      psy_arrival_basics, layout_basic
D:2:      layout_loops_ring, minivault_14,
          nicolae_gozag_cash_rules_everything_around_me, uniq_jessica
D:3:      layout_basic
D:4:      layout_loops_ring, yredelemnul_altar_generic,
          minmay_misc_feat_diagonals, elyvilon_altar_1
D:5:      layout_layer_cave, uniq_blork_the_orc
D:6:      minmay_clustersquares, layout_loops_ring
D:7:      layout_basic, temple_green
D:8:      layout_basic, uniq_joseph
D:9:      minmay_curly_fans, layout_cave_pods, erik_lair_orcish_takeover,
          basic_altar, serial_shops, shop, nicolae_qazlal_eye_of_the_storm
Temple:   nicolae_temple_the_god_donut

Skill      XL: |  1  2  3  4  5  6  7  8  9 10 |
---------------+-------------------------------+-----
Dodging        | 2 |  2.7
Stealth        | 2 3 |  3.1
Fighting       | 3 4 5 7 8 9 |  9.3
Crossbows      | 5 6 7 |  7.0
Maces & Flails | 1 2 4 5 |  5.4
Throwing       | 1 3 |  3.9
Axes           | 4 6 |  6.7
Invocations    | 1 4 |  4.5

Action                   |  1- 3 |  4- 6 |  7- 9 | 10-12 || total
-------------------------+-------+-------+-------+-------++-------
Melee: Short sword       |       |    29 |       |       ||    29
       Flail             |       |    42 |   166 |       ||   208
       Battleaxe         |       |       |   103 |    64 ||   167
       Peck              |       |       |    13 |    17 ||    30
 Fire: Hand crossbow     |    44 |   109 |     5 |    27 ||   185
Throw: Throwing net      |       |     2 |     1 |       ||     3
       Dart              |       |    11 |    54 |       ||    65
 Abil: Dig               |       |     1 |       |       ||     1
Evoke: Wand              |       |       |       |     6 ||     6
  Use: Scroll            |     2 |     5 |     4 |     3 ||    14
       Potion            |       |     7 |     4 |     1 ||    12
 Stab: Sleeping          |       |       |    11 |     1 ||    12
       Paralysed         |       |       |       |     5 ||     5
Armor: Leather armour    |     4 |    28 |    93 |    33 ||   158
       Skin              |       |       |    33 |       ||    33
Dodge: Dodged            |     7 |    89 |   200 |    74 ||   370
Block: Other             |       |       |    19 |    29 ||    48
       Reflection        |       |       |       |     1 ||     1
